TOP OF THE 1ST |
Santa Anna Dukes batting - Pitching for Atlantic City War Dogs : RHP Claude Cunningham
|
Pitching: RHP Claude Cunningham
|
|
Batting: RHB Jesús Velásquez
|
0-0: Swinging Strike 0-1: Foul Ball, location: 2F 0-2: Fly out, F3 (Line Drive, 3)
|
Batting: RHB Tom Fisher
|
0-0: Called Strike 0-1: Foul Ball, location: 2F 0-2: Strikes out swinging
|
Batting: RHB Alberto Morín
|
0-0: Swinging Strike 0-1: Fly out, F8 (Flyball, 8LM)
|
Top of the 1st over - 0 run(s), 0 hit(s), 0 error(s), 0 left on base; Santa Anna 0 - Atlantic City 0 |
BOTTOM OF THE 1ST |
Atlantic City War Dogs batting - Pitching for Santa Anna Dukes : LHP Logan Brown
|
Pitching: LHP Logan Brown
|
|
Batting: LHB Pedro Fernández
|
0-0: Ball 1-0: Ground out 4-3 (Groundball, 34)
|
Batting: RHB Francisco Martínez
|
0-0: Ball 1-0: Swinging Strike 1-1: Foul Ball, location: 2F 1-2: Fly out, F7 (Line Drive, 7)
|
Batting: LHB Trey Fitzpatrick
|
0-0: Called Strike 0-1: Ball 1-1: Foul Ball, location: 2F 1-2: Strikes out swinging
|
Bottom of the 1st over - 0 run(s), 0 hit(s), 0 error(s), 0 left on base; Santa Anna 0 - Atlantic City 0 |
TOP OF THE 2ND |
Santa Anna Dukes batting - Pitching for Atlantic City War Dogs : RHP Claude Cunningham
|
Batting: SHB Jerry Young
|
0-0: Swinging Strike 0-1: Ball 1-1: Ground out 1-3 (Groundball, P)
|
Batting: RHB William Elliott
|
0-0: Ball 1-0: Ground out 4-3 (Groundball, 34)
|
Batting: LHB Leon Malone
|
0-0: Called Strike 0-1: Swinging Strike 0-2: Hit by Pitch
|
Batting: RHB Amdre Casse
|
0-0: Foul Ball, location: 2F 0-1: Fielders Choice at 2nd, 5-4 (Groundball, 5)
|
Top of the 2nd over - 0 run(s), 0 hit(s), 0 error(s), 0 left on base; Santa Anna 0 - Atlantic City 0 |
BOTTOM OF THE 2ND |
Atlantic City War Dogs batting - Pitching for Santa Anna Dukes : LHP Logan Brown
|
Batting: RHB Jeff Buck
|
0-0: Swinging Strike 0-1: Foul Ball, location: 2F 0-2: Foul Ball, location: 2F 0-2: Ball 1-2: SINGLE (Groundball, 56D)
|
Batting: RHB Nelson Martínez
|
0-0: Ball Jeff Buck is caught stealing 2nd base 1-0: Ground out 6-3 (Groundball, 6)
|
Batting: LHB Ramiro Venegas
|
0-0: Called Strike 0-1: Swinging Strike 0-2: Strikes out swinging, 2-3 out at first.
|
Bottom of the 2nd over - 0 run(s), 1 hit(s), 0 error(s), 0 left on base; Santa Anna 0 - Atlantic City 0 |
TOP OF THE 3RD |
Santa Anna Dukes batting - Pitching for Atlantic City War Dogs : RHP Claude Cunningham
|
Batting: RHB Brent Allen
|
0-0: Ball 1-0: Called Strike 1-1: Foul Ball, location: 2F 1-2: Fly out, F8 (Flyball, 8RS)
|
Batting: RHB George Lutz
|
0-0: Ball 1-0: Swinging Strike 1-1: Fly out, F7 (Flyball, 7S)
|
Batting: RHB Jesús Velásquez
|
0-0: Foul Ball, location: 2F 0-1: Called Strike 0-2: Ball 1-2: Ball 2-2: Foul Ball, location: 2F 2-2: SINGLE (Groundball, 4MD)
|
Batting: RHB Tom Fisher
|
0-0: Foul Ball, location: 2F 0-1: Ball Jesús Velásquez is caught stealing 2nd base
|
Top of the 3rd over - 0 run(s), 1 hit(s), 0 error(s), 0 left on base; Santa Anna 0 - Atlantic City 0 |
BOTTOM OF THE 3RD |
Atlantic City War Dogs batting - Pitching for Santa Anna Dukes : LHP Logan Brown
|
Batting: SHB Ed Nelson
|
0-0: Ball 1-0: Fly out, F8 (Line Drive, 78M)
|
Batting: LHB Robert Mann
|
0-0: Ball 1-0: Foul Ball, location: 2F 1-1: Ball 2-1: Called Strike 2-2: Ball 3-2: Base on Balls
|
Batting: RHB Heath O'Keerwin
|
0-0: Ground out 5-3 (Groundball, 5S) Robert Mann to second
|
Batting: LHB Pedro Fernández
|
0-0: Ball 1-0: Fly out, F7 (Flyball, 7)
|
Bottom of the 3rd over - 0 run(s), 0 hit(s), 0 error(s), 1 left on base; Santa Anna 0 - Atlantic City 0 |
TOP OF THE 4TH |
Santa Anna Dukes batting - Pitching for Atlantic City War Dogs : RHP Claude Cunningham
|
Batting: RHB Tom Fisher
|
0-0: Called Strike 0-1: Foul Ball, location: 2F 0-2: Strikes out swinging
|
Batting: RHB Alberto Morín
|
0-0: Fly out, F8 (Flyball, 8RM)
|
Batting: SHB Jerry Young
|
0-0: SINGLE (Line Drive, 6D)
|
Batting: RHB William Elliott
|
0-0: Called Strike 0-1: Fly out, F8 (Flyball, 89M)
|
Top of the 4th over - 0 run(s), 1 hit(s), 0 error(s), 1 left on base; Santa Anna 0 - Atlantic City 0 |
BOTTOM OF THE 4TH |
Atlantic City War Dogs batting - Pitching for Santa Anna Dukes : LHP Logan Brown
|
Batting: RHB Francisco Martínez
|
0-0: Ball 1-0: Ball 2-0: Swinging Strike 2-1: Foul Ball, location: 2F 2-2: Strikes out swinging
|
Batting: LHB Trey Fitzpatrick
|
0-0: Ground out 3-1 (Groundball, 34)
|
Batting: RHB Jeff Buck
|
0-0: Called Strike 0-1: Ball 1-1: Ball 2-1: Called Strike 2-2: Foul Ball, location: 2F 2-2: Foul Ball, location: 2F 2-2: Foul Ball, location: 2F 2-2: Ground out 4-3 (Groundball, 4)
|
Bottom of the 4th over - 0 run(s), 0 hit(s), 0 error(s), 0 left on base; Santa Anna 0 - Atlantic City 0 |
TOP OF THE 5TH |
Santa Anna Dukes batting - Pitching for Atlantic City War Dogs : RHP Claude Cunningham
|
Batting: LHB Leon Malone
|
0-0: Ball 1-0: Ball 2-0: Called Strike 2-1: Foul Ball, location: 2F 2-2: Ground out 3-1 (Groundball, 34S)
|
Batting: RHB Amdre Casse
|
0-0: Foul Ball, location: 2F 0-1: Ball 1-1: Fly out, F9 (Flyball, 89M)
|
Batting: RHB Brent Allen
|
0-0: Ball 1-0: Called Strike 1-1: Ball 2-1: Foul Ball, location: 2F 2-2: SINGLE (Groundball, 6MD)
|
Batting: RHB George Lutz
|
0-0: Called Strike 0-1: Swinging Strike 0-2: Ball 1-2: Ball 2-2: Strikes out swinging
|
Top of the 5th over - 0 run(s), 1 hit(s), 0 error(s), 1 left on base; Santa Anna 0 - Atlantic City 0 |
BOTTOM OF THE 5TH |
Atlantic City War Dogs batting - Pitching for Santa Anna Dukes : LHP Logan Brown
|
Batting: RHB Nelson Martínez
|
0-0: Called Strike 0-1: Ball 1-1: Ground out 6-3 (Groundball, 6)
|
Batting: LHB Ramiro Venegas
|
0-0: Fly out, F8 (Flyball, 8LM)
|
Batting: SHB Ed Nelson
|
0-0: DOUBLE (Line Drive, 9LM)
|
Batting: LHB Robert Mann
|
0-0: Swinging Strike 0-1: Ball 1-1: Ball 2-1: Ball 3-1: Called Strike 3-2: Ground out U3 (Groundball, 3L)
|
Bottom of the 5th over - 0 run(s), 1 hit(s), 0 error(s), 1 left on base; Santa Anna 0 - Atlantic City 0 |
TOP OF THE 6TH |
Santa Anna Dukes batting - Pitching for Atlantic City War Dogs : RHP Claude Cunningham
|
Batting: RHB Jesús Velásquez
|
0-0: Called Strike 0-1: Ball 1-1: Foul Ball, location: 2F 1-2: DOUBLE (Groundball, 5L)
|
Batting: RHB Tom Fisher
|
0-0: Ball 1-0: DOUBLE (Line Drive, 9LM) Jesús Velásquez scores
|
Batting: RHB Alberto Morín
|
0-0: Intentional Walk
|
Batting: SHB Jerry Young
|
0-0: Ball Tom Fisher is caught stealing 3rd base Alberto Morín to second 1-0: Swinging Strike 1-1: Swinging Strike 1-2: Ball 2-2: Strikes out swinging
|
Batting: RHB William Elliott
|
0-0: Ball 1-0: Ground out 4-3 (Groundball, 4M)
|
Top of the 6th over - 1 run(s), 2 hit(s), 0 error(s), 1 left on base; Santa Anna 1 - Atlantic City 0 |
BOTTOM OF THE 6TH |
Atlantic City War Dogs batting - Pitching for Santa Anna Dukes : LHP Logan Brown
|
Batting: RHB Heath O'Keerwin
|
0-0: Ball 1-0: Ground out 1-3 (Groundball, 15)
|
Batting: LHB Pedro Fernández
|
0-0: Bunt for hit - play at first, batter safe!
|
Batting: RHB Francisco Martínez
|
0-0: Called Strike Pedro Fernández is caught stealing 2nd base 0-1: Swinging Strike 0-2: Foul Ball, location: 2F 0-2: Ground out 1-3 (Groundball, 13)
|
Bottom of the 6th over - 0 run(s), 1 hit(s), 0 error(s), 0 left on base; Santa Anna 1 - Atlantic City 0 |
TOP OF THE 7TH |
Santa Anna Dukes batting - Pitching for Atlantic City War Dogs : RHP Claude Cunningham
|
Batting: LHB Leon Malone
|
0-0: SINGLE (Line Drive, 89S)
|
Pinch Hitting: RHB John Hutchins
|
0-0: Sac Bunt - play at first, batter OUT! 1-4 Leon Malone to second
|
Batting: RHB Brent Allen
|
0-0: Intentional Walk
|
Pitching: LHP Alonso Álvarez
|
|
Batting: RHB George Lutz
|
0-0: Ball 1-0: Foul Ball, location: 2F 1-1: Ball 2-1: Foul Ball, location: 2F 2-2: Ball 3-2: Ground out 5-3 (Groundball, 56S) Leon Malone to third Brent Allen to second
|
Batting: RHB Jesús Velásquez
|
0-0: Ball 1-0: Ball 2-0: Foul Ball, location: 2F 2-1: Called Strike 2-2: Ball 3-2: Foul Ball, location: 2F 3-2: Foul Ball, location: 2F 3-2: Strikes out swinging
|
Top of the 7th over - 0 run(s), 1 hit(s), 0 error(s), 2 left on base; Santa Anna 1 - Atlantic City 0 |
BOTTOM OF THE 7TH |
Atlantic City War Dogs batting - Pitching for Santa Anna Dukes : LHP Logan Brown
|
Now at 2B: John Hutchins
|
|
Batting: LHB Trey Fitzpatrick
|
0-0: Swinging Strike 0-1: Ball 1-1: Ball 2-1: Ball 3-1: Base on Balls
|
Pinch Hitting: RHB José Guevara
|
0-0: Ball 1-0: Ball 2-0: Ground out 3-1 (Groundball, 34S) Trey Fitzpatrick to second
|
Pinch Hitting: RHB Henry Edwards
|
0-0: Ball 1-0: Ball 2-0: Called Strike 2-1: Ball 3-1: Base on Balls
|
Batting: LHB Ramiro Venegas
|
0-0: Foul Ball, location: 2F 0-1: Ball 1-1: Foul Ball, location: 2F 1-2: Strikes out looking
|
Pitching: RHP Randy Rivera
|
|
Pinch Hitting: LHB Martín Garza
|
0-0: Called Strike 0-1: Ground out 1-3 (Groundball, 15S)
|
Bottom of the 7th over - 0 run(s), 0 hit(s), 0 error(s), 2 left on base; Santa Anna 1 - Atlantic City 0 |
TOP OF THE 8TH |
Santa Anna Dukes batting - Pitching for Atlantic City War Dogs : LHP Alonso Álvarez
|
Now at 2B: Henry Edwards
|
|
Now in CF: Pancho Valdés
|
|
Now in RF: Martín Garza
|
|
Batting: RHB Tom Fisher
|
0-0: Ball 1-0: Fly out, F9 (Flyball, 9LSF)
|
Batting: RHB Alberto Morín
|
0-0: Swinging Strike 0-1: Ball 1-1: Ball 2-1: Ground out U3 (Groundball, 3)
|
Batting: SHB Jerry Young
|
0-0: Foul Ball, location: 2F 0-1: Ball 1-1: Ball 2-1: Called Strike 2-2: Ground out 6-3 (Groundball, 6)
|
Top of the 8th over - 0 run(s), 0 hit(s), 0 error(s), 0 left on base; Santa Anna 1 - Atlantic City 0 |
BOTTOM OF THE 8TH |
Atlantic City War Dogs batting - Pitching for Santa Anna Dukes : RHP Randy Rivera
|
Pitching: LHP Ron Sosa
|
|
Batting: LHB Robert Mann
|
0-0: Called Strike 0-1: Ground out U3 (Groundball, 34)
|
Pitching: RHP Christian Coleman
|
|
Batting: RHB Heath O'Keerwin
|
0-0: Called Strike 0-1: Foul Ball, location: 2F 0-2: Foul Ball, location: 2F 0-2: Ball 1-2: Strikes out swinging
|
Batting: LHB Pedro Fernández
|
0-0: Ball 1-0: Foul Ball, location: 2F 1-1: Ball 2-1: Foul Ball, location: 2F 2-2: Ball 3-2: SINGLE (Line Drive, 4M)
|
Pinch Hitting: LHB Patrick Ferguson
|
0-0: Called Strike 0-1: Called Strike 0-2: Ball 1-2: Foul Ball, location: 2F 1-2: Fly out, F9 (Line Drive, 9LM)
|
Bottom of the 8th over - 0 run(s), 1 hit(s), 0 error(s), 1 left on base; Santa Anna 1 - Atlantic City 0 |
TOP OF THE 9TH |
Santa Anna Dukes batting - Pitching for Atlantic City War Dogs : LHP Alonso Álvarez
|
Now at SS: Luis Días
|
|
Batting: RHB William Elliott
|
0-0: Ball 1-0: Ball 2-0: Ball 3-0: Called Strike 3-1: Fly out, F8 (Flyball, 8LS)
|
Batting: LHB Leon Malone
|
0-0: Ball 1-0: Called Strike 1-1: Foul Ball, location: 2F 1-2: Ball 2-2: Foul Ball, location: 2F 2-2: Foul Ball, location: 2F 2-2: Ground out 4-3 (Groundball, 4)
|
Batting: RHB John Hutchins
|
0-0: Called Strike 0-1: Ground out 6-3 (Groundball, 6)
|
Top of the 9th over - 0 run(s), 0 hit(s), 0 error(s), 0 left on base; Santa Anna 1 - Atlantic City 0 |
BOTTOM OF THE 9TH |
Atlantic City War Dogs batting - Pitching for Santa Anna Dukes : RHP Christian Coleman
|
Pitching: RHP Ron Franklin
|
|
Batting: LHB Trey Fitzpatrick
|
0-0: Called Strike 0-1: Ball 1-1: Foul Ball, location: 2F 1-2: Ball 2-2: SINGLE (Line Drive, 34)
|
Pinch Hitting: RHB Armando Vega
|
0-0: Ball 1-0: Foul Ball, location: 2F 1-1: Foul Ball, location: 2F 1-2: Fly out, F7 (Flyball, 7)
|
Batting: RHB Henry Edwards
|
0-0: Ball 1-0: Called Strike 1-1: Fly out, F8 (Line Drive, 8LD)
|
Batting: LHB Ramiro Venegas
|
0-0: Ground out U3 (Groundball, 34)
|
Bottom of the 9th over - 0 run(s), 1 hit(s), 0 error(s), 1 left on base; Santa Anna 1 - Atlantic City 0 |
|